 Dungeon Crawl Stone Soup version 0.28-a0-984-g3775c662fe (console) character file.

Game seed: 10774454382620747528

116 jejorda2 the Ruffian (level 4, -1/55 HPs)
             Began as a Palentonga Berserker on Dec 3, 2021.
             Was a Believer of Trog.
             Slain by a hound (6 damage)
             ... on level 3 of the Dungeon.
             The game lasted 00:04:36 (2234 turns).

jejorda2 the Ruffian (Palentonga Berserker)         Turns: 2234, Time: 00:04:36

Health: -1/55      AC: -5    Str: 22    XL:     4   Next: 69%
Magic:  4/4        EV:  8    Int:  7    God:    Trog [**....]
Gold:   157        SH:  0    Dex: 10    Spells: 3/3 levels left

rFire   . . .      SeeInvis +     - Unarmed
rCold   . . .      Faith    .   (no shield)
rNeg    . . .      Spirit   .   d - +0 scale mail
rPois   .          Reflect  .   (no helmet)
rElec   .          Harm     .   (no cloak)
rCorr   .          Rampage  .   (no gloves)
Will    .....                   (no barding)
Stlth   ..........              (no amulet)
HPRegen 0.18/turn               (no ring)
MPRegen 0.09/turn               (no ring)

@: berserking, corroded, very quick
A: large, rugged brown scales 3, see invisible, deformed body, roll 1, armoured
tail
a: Rolling Charge, Renounce Religion, Berserk, Trog's Hand


You were on level 3 of the Dungeon.
You worshipped Trog.
Trog was pleased with you.
You visited 1 branch of the dungeon, and saw 3 of its levels.

You collected 157 gold pieces.

Inventory:

Hand Weapons
 h - a +0 hunting sling
Missiles
 a - 61 stones
 i - 18 sling bullets
Armour
 d - a +0 scale mail (worn)
Scrolls
 b - a scroll of teleportation {unknown}
 e - a scroll of fog {unknown}
 g - a scroll of enchant armour {unknown}
Potions
 c - 2 potions of mutation {unknown}
 f - a potion of attraction {unknown}


   Skills:
 - Level 3.0 Fighting
 - Level 1.5 Armour
 - Level 1.5 Dodging
 + Level 5.5 Unarmed Combat


You had 3 spell levels left.
You didn't know any spells.
Your spell library was empty.

Dungeon Overview and Level Annotations

Branches:
Dungeon (3/15)

Altars:

Shops:
D:1 (


Innate Abilities, Weirdness & Mutations

You are completely covered in rugged brown scales. (AC +3, +7% HP)
You have supernaturally acute eyesight. (SInv)
Armour fits poorly on your strangely shaped body.
You can roll at nearby foes to attack.
You have a long armoured tail.


Message History

You punch the rat!
You kill the rat!
Trog accepts your kill.
Found a pair of boots.
Found a stone staircase leading up.
There is a stone staircase leading up here.
You see here a +0 pair of boots.
Found a stone staircase leading down.
You now have 154 gold pieces (gained 10).
Found a stone staircase leading down.
c - 2 murky white potions (gained 1)
You now have 157 gold pieces (gained 3).
A jelly comes into view.
The jelly quivers.
You roll forward with a clatter of scales!
You hit the jelly. The acid corrodes you!
Your hands burn!
The jelly is lightly wounded.
You hear a bark!
The jelly hits you.
You are splashed with acid!
You hit the jelly.
Your hands burn!
You tail-slap the jelly!
The jelly is severely wounded.
The jelly closely misses you.
You hit the jelly.
Your hands burn!
You tail-slap the jelly.
The jelly is almost dead.
You hit the jelly but do no damage. The acid corrodes you!
Your hands burn!
The jelly is almost dead.
The jelly hits you. The acid corrodes you!
You are splashed with acid!
* * * LOW HITPOINT WARNING * * *
You hit the jelly.
You kill the jelly!
Trog accepts your kill.
A hound comes into view.
A hound is nearby!
A red film seems to cover your vision as you go berserk!
You feel yourself moving faster!
You feel mighty!
You feel a strong urge to attack something.
The hound closely misses you.
You closely miss the hound. You tail-slap the hound.
The hound is moderately wounded.
The hound bites you.
You die...

###. .... ###
###. ..# ..>.
#.# #### #.# #.#
#.# #### #.#
...# ##### #@#
##.# .... #h#
#.# #..#
###.##### #.#
#..# #.......#
#.# #..#
#.#####.# ##.#
#..####.# .#.#
#.......#
.#.#####..####.#
..........# #.#


You could see a hound.

Vanquished Creatures
  A jelly (D:3)
  4 adders (D:2)
  A dart slug (D:3)
  4 ball pythons (D:1)
  3 endoplasms
  A giant cockroach (D:1)
  5 goblins
  5 hobgoblins
  3 jackals (D:2)
  4 kobolds
  5 quokkas
  3 bats
  4 frilled lizards
  5 rats
48 creatures vanquished.

Notes
Turn   | Place    | Note
-------+----------+-------------------------------------------
     0 | D:1      | jejorda2 the Palentonga Berserker began the quest for the
                  | Orb.
     0 | D:1      | Reached XP level 1. HP: 19/19 MP: 1/1
    24 | D:1      | Found Wul Sish's Weapon Shoppe.
   143 | D:1      | Reached XP level 2. HP: 21/25 MP: 2/2
   465 | D:1      | Reached skill level 4 in Unarmed Combat
   857 | D:1      | Found a faded altar of an unknown god.
  1078 | D:2      | Reached XP level 3. HP: 31/31 MP: 3/3
  1087 | D:2      | Reached ** piety under Trog
  1730 | D:2      | Reached XP level 4. HP: 37/37 MP: 4/4
  1799 | D:2      | Reached skill level 5 in Unarmed Combat
  2234 | D:3      | Slain by a hound

Illustrated notes

Levels and vault maps discovered:
D:1:      shiori_arrival_oz, layout_basic, serial_shops,
          nicolae_shop_hallway_plus, shapermc_ecumenical_altar_ellora,
          minivault_26
D:2:      layout_loops_ring
D:3:      layout_loops_ring, kennysheep_generic_room_4

Skill      XL: |  1  2  3  4 |
---------------+-------------+-----
Unarmed Combat | 4 5 |  5.5
Fighting       | |  3.0
Armour         | |  1.5
Dodging        | |  1.5

Action                   |  1- 3 |  4- 6 || total
-------------------------+-------+-------++-------
Melee: Unarmed           |   114 |    26 ||   140
       Tailslap          |    10 |     5 ||    15
       Punch             |     1 |       ||     1
Invok: Berserk           |     2 |     1 ||     3
 Abil: Rolling Charge    |    17 |     7 ||    24
 Stab: Sleeping          |     1 |       ||     1
Armor: Chain mail        |    11 |       ||    11
       Animal skin       |     3 |       ||     3
       Scale mail        |    32 |     7 ||    39
Dodge: Dodged            |    34 |     7 ||    41

Table legend: (Time is in decaauts)
 A = Elapsed time spent in this place.
 B = Non-inter-level travel time spent in this place.
 C = Inter-level travel time spent in this place.
 D = Time resting spent in this place.
 E = Time spent auto-exploring this place.
 F = Levels seen in this place.
 G = Mean time per level.
                   A        B        C        D        E       F      G
               +--------+--------+--------+--------+--------+-----+--------+
         Total |   2238 |   2167 |     71 |    253 |   1619 |   3 |  746.0 |
       Dungeon |   2238 |   2167 |     71 |    253 |   1619 |   3 |  746.0 |
               +--------+--------+--------+--------+--------+-----+--------+

Top non-repeatable levels by time:
     D:1: 1058 daAuts
     D:2: 965 daAuts
     D:3: 214 daAuts
